 Dungeon Crawl Stone Soup version 0.26-a0-1053-gaff5f71418 (webtiles) character file.

Game seed: 6120686004822797182

298 sokol815 the Chiller (level 6, -2/36 HPs)
             Began as an Octopode Ice Elementalist on Dec 12, 2020.
             Slain by a phantom (6 damage)
             ... on level 4 of the Dungeon.
             The game lasted 00:09:51 (4460 turns).

sokol815 the Chiller (Octopode Ice Elementalist)    Turns: 4460, Time: 00:09:52

Health: -2/36      AC:  1    Str:  8    XL:     6   Next: 36%
Magic:  0/10       EV: 13    Int: 17    God:
Gold:   174        SH:  0    Dex: 14    Spells: 4/11 levels left

rFire    . . .     SeeInvis .   a - +4 whip
rCold    . . .     Faith    .   (no shield)
rNeg     . . .     Spirit   .   m - +0 hat
rPois    .         Reflect  .   (no amulet)
rElec    .         Harm     .   s - ring of teleportation (curse)
rCorr    .         Rampage  .   (no ring)
Will     .....     Rnd*Tele +   (no ring)
Stlth    ++++......             (no ring)
HPRegen  0.12/turn              (no ring)
MPRegen  0.12/turn              (no ring)
                                (no ring)
                                (no ring)

@: no status effects
A: almost no armour, stealthy swim, amphibious, 8 rings, constrict 8, camouflage
1, gelatinous body 1
a: no special abilities


You were on level 4 of the Dungeon.
You visited 1 branch of the dungeon, and saw 4 of its levels.

You collected 174 gold pieces.

Inventory:

Hand Weapons
 a - a +4 whip (weapon)
 b - a +0 dagger
 g - a +1 antimagic dagger
 j - a +0 hunting sling
 p - a +1 halberd of holy wrath
 r - a +0 hand axe
Missiles
 e - 58 stones
 i - 48 bolts
 n - 34 arrows
 o - 23 poisoned darts
 q - 2 throwing nets
Armour
 m - a +0 hat (worn)
Jewellery
 s - a cursed ring of teleportation (left tentacle)
Scrolls
 d - a scroll of identify
 k - a scroll of teleportation
 t - a scroll of immolation
 u - a scroll of remove curse {unknown}
Potions
 c - 3 potions of heal wounds
 f - a potion of lignification
 h - 2 potions of curing
 l - a potion of flight
 v - a potion of brilliance {unknown}


   Skills:
 - Level 2.0 Dodging
 - Level 5.0 Stealth
 - Level 3.0 Spellcasting
 * Level 6.3 Ice Magic


You had 4 spell levels left.
You knew the following spells:

 Your Spells              Type           Power        Failure   Level
a - Freeze                Ice            ###.         1%          1
b - Ozocubu's Armour      Ice            ###.....     3%          3
c - Frozen Ramparts       Ice            ###...       3%          3

Your spell library contained the following spells:

 Spells                   Type           Power        Failure   Level
 Hailstorm                Conj/Ice       ##......     43%         4
 Summon Ice Beast         Ice/Summ       ##......     43%         4


Dungeon Overview and Level Annotations

Branches:
Dungeon (4/15)
 Temple: D:4-7

Altars:
Fedhas

Shops:
D:4 (


Innate Abilities, Weirdness & Mutations

You cannot wear most types of armour.
You are very stealthy in the water. (Stealth+)
You are amphibious.
You can wear up to eight rings at the same time.
You can use your tentacles to constrict eight enemies at once.
Your skin changes colour to match your surroundings (Stealth+).
Your rubbery body absorbs attacks. (AC +1, EV +1)


Message History

The phantom closely misses you.
You hit the phantom.
The phantom is severely damaged.
The phantom blinks!
Your icy armour starts to melt.
Casting: Freeze (safe; 1% risk of failure)
Confirm with . or Enter, or press ? or * to list all spells.
Aiming: Freeze (safe; 1% risk of failure)
Press: ? - help, Shift-Dir - straight line, f/p - phantom
Aim: a phantom (heavily damaged)
The phantom resists.
You freeze the phantom.
The phantom is severely damaged.
The phantom hits you.
The phantom blinks!
Your icy armour evaporates.
The phantom hits you!
* * * LOW HITPOINT WARNING * * *
You closely miss the phantom.
The phantom is severely damaged.
The phantom hits you.
You die...

##.#..## ##.........##....##
...##..###...##.#..........#
...##.# #....####.........##
......# #.##.#####....#.###
......###................#
.##....#.................#
######......<............# #
#.................####
#.....###....@ยง.....#
#.......###...W......#
#.......# ###.......#.#
........## ##......$##
.......... ...####.#
#.(........ ...## ## ...
...#


You could see a phantom.

Vanquished Creatures
  A bullfrog (D:2)
  A hound (D:4)
  A centaur skeleton (D:4)
  6 gnolls
  An adder (D:2)
  An ooze (D:3)
  An adder skeleton (D:4)
  3 worms
  3 dart slugs
  2 leopard geckos
  4 orcs
  5 giant cockroaches
  7 goblins
  9 hobgoblins
  5 jackals (D:2)
  9 kobolds
  A quokka (D:3)
  14 bats
  6 frilled lizards
  9 rats
89 creatures vanquished.

Notes
Turn   | Place    | Note
-------+----------+-------------------------------------------
     0 | D:1      | sokol815 the Octopode Ice Elementalist began the quest for
                  | the Orb.
     0 | D:1      | Reached XP level 1. HP: 11/11 MP: 3/3
   434 | D:1      | Reached XP level 2. HP: 17/17 MP: 3/5
   913 | D:1      | Reached XP level 3. HP: 21/21 MP: 3/6
  2014 | D:2      | Learned a level 3 spell: Ozocubu's Armour
  2018 | D:2      | Learned a level 3 spell: Frozen Ramparts
  2418 | D:2      | Reached XP level 4. HP: 27/27 MP: 5/7
  2482 | D:2      | Noticed a bullfrog
  2756 | D:2      | Killed a bullfrog
  2757 | D:2      | Reached skill level 5 in Ice Magic
  2757 | D:2      | Reached XP level 5. HP: 6/31 MP: 1/9
  3802 | D:3      | Found a blossoming altar of Fedhas.
  3865 | D:3      | Reached skill level 5 in Stealth
  3873 | D:3      | Reached XP level 6. HP: 36/36 MP: 10/10
  4235 | D:4      | Found Vuwkig's Weapon Boutique.
  4239 | D:4      | Reached skill level 6 in Ice Magic
  4418 | D:4      | Noticed a phantom
  4460 | D:4      | Slain by a phantom

Illustrated notes

Levels and vault maps discovered:
D:1:      dpeg_arrival_solitude, layout_loops_corners
D:2:      layout_loops_corners, st_stairs_13
D:3:      layout_basic, fedhas_altar_fruit_tree
D:4:      layout_cave_pools, serial_shops, shop, uniq_sigmund

Skill      XL: |  1  2  3  4  5  6 |
---------------+-------------------+-----
Stealth        | 3 4 5 |  5.0
Ice Magic      | 5 6 |  6.3
Spellcasting   | 3 |  3.0
Dodging        | |  2.0

Action                   |  1- 3 |  4- 6 || total
-------------------------+-------+-------++-------
Melee: Constrict         |     8 |    12 ||    20
       Unarmed           |     2 |       ||     2
       Dagger            |    21 |     7 ||    28
       Tentacles         |     3 |     7 ||    10
       Whip              |       |    59 ||    59
 Cast: Freeze            |    46 |    44 ||    90
       Frozen Ramparts   |       |     1 ||     1
       Ozocubu's Armour  |       |     1 ||     1
  Use: Scroll            |       |     7 ||     7
 Stab: Sleeping          |     9 |    14 ||    23
Armor: Skin              |     3 |     6 ||     9
Dodge: Dodged            |    24 |    60 ||    84

Table legend: (Time is in decaauts)
 A = Elapsed time spent in this place.
 B = Non-inter-level travel time spent in this place.
 C = Inter-level travel time spent in this place.
 D = Time resting spent in this place.
 E = Time spent auto-exploring this place.
 F = Levels seen in this place.
 G = Mean time per level.
                   A        B        C        D        E       F      G
               +--------+--------+--------+--------+--------+-----+--------+
         Total |   4462 |   4330 |    132 |   1216 |   2471 |   4 | 1115.5 |
       Dungeon |   4462 |   4330 |    132 |   1216 |   2471 |   4 | 1115.5 |
               +--------+--------+--------+--------+--------+-----+--------+

Top non-repeatable levels by time:
     D:1: 1750 daAuts
     D:2: 1602 daAuts
     D:3: 922 daAuts
     D:4: 186 daAuts
